 Dungeon Crawl Stone Soup version 0.29.1-13-g9f3cf754e1 (webtiles) character file.

Game seed: 14735310757600361641

50964 Bri the Destroyer (level 14, -4/85 HPs)
             Began as a Demonspawn Fire Elementalist on Jan 21, 2023.
             Was a High Priest of Vehumet.
             Shot with an arrow by Nessos (6 damage)
             ... on level 13 of the Dungeon.
             The game lasted 01:04:57 (21827 turns).

Bri the Destroyer (Demonspawn Fire Elementalist)   Turns: 21827, Time: 01:04:57

Health: -4/85      AC: 13    Str:  9    XL:     14   Next: 21%
Magic:  0/28       EV: 12    Int: 21    God:    Vehumet [*****.]
Gold:   1093       SH:  0    Dex: 14    Spells: 9/33 levels left

rFire   + + .      SeeInvis .   A - staff of cold
rCold   + . .      Faith    .   (no shield)
rNeg    . . .      Spirit   +   N - +1 troll leather armour {Snorg}
rPois   .          Reflect  .   f - +1 helmet
rElec   .          Harm     .   d - +1 cloak
rCorr   .          Rampage  .   (no gloves)
Will    +....                   y - +0 pair of boots
Stlth   ++........              (no amulet)
HPRegen 1.04/turn               z - ring of protection from fire
MPRegen 0.42/turn               H - ring of protection from fire

@: lethally poisoned (-4 -> -36), studying Shields
A: molten scales 2, spiny 1, magic shield, magic regeneration, demonic touch 2
a: Renounce Religion


You were on level 13 of the Dungeon.
You worshipped Vehumet.
Vehumet was extremely pleased with you.
You visited 3 branches of the dungeon, and saw 19 of its levels.
You also visited: Volcano.

You collected 1347 gold pieces.
You spent 254 gold pieces at shops.

Inventory:

Missiles
 k - a throwing net
Armour
 d - a +1 cloak (worn)
 f - a +1 helmet (worn)
 y - a +0 pair of boots (worn)
 E - +0 steam dragon scales
 N - a +1 troll leather armour (worn) {Snorg}
Magical Staves
 A - a staff of cold (weapon)
Jewellery
 g - a +6 ring of strength
 z - a ring of protection from fire (left hand)
 H - a ring of protection from fire (right hand)
 I - a ring of ice
 L - a ring of positive energy
 O - a +4 ring of evasion
Wands
 t - a wand of paralysis (12)
 u - a wand of roots (14)
 v - a wand of flame (21)
 C - a wand of mindburst (22)
 P - a wand of light (7)
Scrolls
 a - a scroll of noise
 h - 3 scrolls of blinking
 i - 8 scrolls of teleportation
 o - 3 scrolls of magic mapping
 s - 2 scrolls of fog
 D - 9 scrolls of identify
 F - 3 scrolls of enchant weapon
 G - 3 scrolls of amnesia
 M - 2 scrolls of brand weapon
 S - a scroll of silence
Potions
 b - 2 potions of magic
 c - 3 potions of lignification
 e - 2 potions of heal wounds
 j - 6 potions of brilliance
 m - a potion of haste
 n - 15 potions of curing
 p - 2 potions of degeneration
 q - 2 potions of cancellation
 r - 6 potions of mutation
 w - 5 potions of attraction
 x - 6 potions of flight
 B - 3 potions of resistance
 J - 2 potions of berserk rage
 K - a potion of ambrosia
 Q - a potion of invisibility


   Skills:
 - Level 4.0 Dodging
 - Level 4.0 Stealth
 - Level 10.4 Spellcasting
 + Level 12.7 Conjurations
 - Level 10.5 Fire Magic
 + Level 10.2 Ice Magic
 * Level 8.3 Air Magic
 - Level 3.0 Poison Magic


You had 9 spell levels left.
You knew the following spells:

 Your Spells              Type           Power      Damage    Failure   Level
a - Foxfire               Conj/Fire      100%       2x1d9     1%          1
b - Scorch                Fire           100%       2d10      1%          2
c - Conjure Flame         Conj/Fire      56%        6-21      1%          3
d - Flame Wave            Conj/Fire      56%        2d13      1%          4
e - Freezing Cloud        Conj/Ice/Air   35%        6-21      1%          5
f - Olgreb's Toxic Radia  Pois           23%        N/A       7%          4
g - Iskenderun's Battles  Conj           59%        2d11      1%          5

Your spell library contained the following spells:

 Spells                   Type           Power      Damage    Failure   Level
 Airstrike                Air            23%        2d(4-20)  1%          4
 Poisonous Vapours        Pois/Air       68%        N/A       1%          2
 Static Discharge         Conj/Air       53%        3-10/arc  1%          2
 Ignite Poison            Fire/Tmut/Pois 29%        N/A       1%          3
 Inner Flame              Hex/Fire       33%        N/A       1%          3
 Mephitic Cloud           Conj/Pois/Air  44%        N/A       1%          3
 Fulminant Prism          Conj/Hex       18%        3d11      1%          4
 Hailstorm                Conj/Ice       73%        3d15      1%          4
 Iskenderun's Mystic Bla  Conj/Tloc      37%        2d9       1%          4
 Sticky Flame             Conj/Fire      56%        2d7       1%          4
 Sting                    Tmut/Pois      68%        1d6       4%          1
 Beastly Appendage        Tmut           20%        N/A       9%          1
 Slow                     Hex            40%        N/A       9%          1
 Ice Form                 Ice/Tmut       48%        N/A       11%         4
 Wereblood                Tmut           10%        N/A       13%         2
 Spider Form              Tmut/Pois      17%        N/A       14%         3
 Confusing Touch          Hex            10%        N/A       26%         3
 Portal Projectile        Hex/Tloc       20%        N/A       26%         3
 Tukima's Dance           Hex            10%        N/A       26%         3
 Vampiric Draining        Necr           10%        2d6       26%         3
 Lee's Rapid Deconstruct  Erth           5%         3d7*      50%         5
 Yara's Violent Unravell  Hex/Tmut       5%         3d4       50%         5
 Dispel Undead            Necr           10%        3d9       65%         4
 Passage of Golubria      Tloc           10%        N/A       65%         4
 Simulacrum               Ice/Necr       24%        N/A       85%         6
 Blade Hands              Tmut           5%         N/A       94%         5
 Dispersal                Tloc           5%         N/A       100%        6
 Disjunction              Tloc           5%         N/A       100%        8


Dungeon Overview and Level Annotations

Branches:
Dungeon (13/15)            Temple (1/1) D:6            Lair (5/5) D:9
 Shoals (0/4) Lair:3       Spider (0/4) Lair:2        Slime (0/5) Lair:4
    Orc (0/2) D:11        Volcano (visited)
 Vaults: D:13-14

Altars:
Ashenzari
Cheibriados
Dithmenos
Fedhas
Gozag
Hepliaklqana
Kikubaaqudgha
Makhleb
Nemelex Xobeh
Okawaru
Ru
Sif Muna
Trog
Uskayaw
Vehumet
Wu Jian
Xom
Yredelemnul

Shops:
D:2 ??=(   D:7 *   D:11 ?*

Annotations:
D:3 1 runed translucent door, Crazy Yiuf
D:9 Erolcha
D:13 Nessos
Lair:5 exclusion: anaconda


Innate Abilities, Weirdness & Mutations

You are mostly covered in molten scales. (AC +3)
You are partially covered in sharp spines.
When hurt, damage is shared between your health and your magic reserves.
You regenerate magic rapidly.
Your touch may inflict irresistible damage on your foes.


Message History

Nessos shoots an arrow.
The arrow hits you but does no damage.
Nessos shoots an arrow.
The arrow hits you!
* * * LOW HITPOINT WARNING * * *
The arrow burns you.
You are lethally poisoned!
Unknown command.
Unknown command.
You feel much better.
You feel extremely sick.
Nessos shoots an arrow.
The arrow hits you!
You are lethally poisoned!
Nessos shoots an arrow.
The arrow barely misses you.
You feel much better.
You feel extremely sick.
Nessos shoots an arrow.
The arrow barely misses you.
Unknown command.
Aiming: Mindburst
Press: ? - help, Shift-Dir - straight line, f/p - Nessos
Aim: Nessos, wielding a +3 longbow of flaming and wearing a +0 barding (severely wounded, fast, chance to affect: 64%) Nessos's mind is blasted!
You feel extremely sick.
Nessos shoots an arrow.
The arrow hits you!
* * * LOW HITPOINT WARNING * * *
The arrow burns you.
You are more poisoned.
* * * LOW HITPOINT WARNING * * *
Nessos casts a spell.
Nessos blinks!
Unknown command.
Aiming: Mindburst
Press: ? - help, Shift-Dir - straight line, f/p - Nessos
Aim: Nessos, wielding a +3 longbow of flaming and wearing a +0 barding (almost dead, fast, chance to affect: 64%) Nessos struggles to resist.
* * * LOW HITPOINT WARNING * * *
You feel extremely sick.
Nessos shoots an arrow.
The arrow hits you!
* * * LOW HITPOINT WARNING * * *
You are more poisoned.
Nessos shoots an arrow.
The arrow hits you!
You die...

#..........### ######
#..........# ......
#####..........# ......
......#####....# .)....
###...#...#....# ......
..#...'...#....############......
..#...#...#......................
..#...#####...........c§..# #####
..#.............@..§.§§§..+
..'............#####..§§.#+ #
..#.......######...#...§.+ #
..#.......#........#.....# #
..#.......#........#.)..... #
..#.......###......#.....c# #
..#.........#......#......# #
..'.........#......#......#######
###.........#......#.............


You could see Nessos (fast).

Vanquished Creatures
  Snorg (Lair:3)
  Josephine (Lair:3)
  5 hydras
  3 boulder beetles
  An anaconda (Lair:5)
  3 centaur warriors
  An alligator (Lair:5)
  Sonja (Lair:5)
  A deep elf pyromancer (D:12)
  An oklob plant (Lair:3)
  An ugly thing (D:12)
  3 merfolk sirens (Lair:3)
  8 black mambas
  A gargoyle (D:12)
  3 elephants
  8 cane toads
  2 unseen horrors (D:12)
  3 rime drakes
  A yaktaur (Volcano)
  12 komodo dragons
  4 polar bears
  3 trolls
  A merfolk (Lair:3)
  26 blink frogs
  3 hornets (Lair:5)
  11 dream sheep
  A shadow (D:9)
  35 yaks
  2 jumping spiders (Lair:2)
  4 fire bats
  7 wraiths
  4 wyverns
  13 spriggans
  6 basilisks
  2 steam dragons
  2 vampire mosquitoes (D:13)
  A warg (D:11)
  Edmund (D:4)
  3 acid dragons
  10 water moccasins
  An orc warrior (D:9)
  2 ice beasts
  9 black bears
  An ogre (D:6)
  A sky beast (D:7)
  5 boggarts (Lair:5)
  11 centaurs
  20 wolves
  3 kobold brigands
  17 bullfrogs
  2 necrophages
  2 scorpions
  A gnoll sergeant (D:9)
  3 killer bees (D:6)
  5 electric eels
  10 howler monkeys
  6 lava snakes
  3 hounds
  2 jellies
  An orc priest (D:5)
  2 gnoll boudas
  2 iguanas
  Natasha (D:4)
  3 orc wizards (D:9)
  8 adders
  17 gnolls
  2 shadow imps
  5 white imps
  A worm (D:2)
  5 dart slugs
  18 orcs
  6 ball pythons
  4 bats
  3 endoplasms
  4 giant cockroaches
  7 goblins
  7 hobgoblins
  4 jackals (D:5)
  5 quokkas
  5 frilled lizards
  20 kobolds
  6 rats
  2 bushes (Lair:1)
441 creatures vanquished.

Vanquished Creatures (others)
  339 foxfires
  35 fungi
  102 plants
476 creatures vanquished.

Grand Total: 917 creatures vanquished

Notes
Turn   | Place    | Note
-------+----------+-------------------------------------------
     0 | D:1      | Bri the Demonspawn Fire Elementalist began the quest for
                  | the Orb.
     0 | D:1      | Reached XP level 1. HP: 13/13 MP: 3/3
   318 | D:1      | Gained mutation: You regenerate magic rapidly. [demonic
                  | ancestry]
   318 | D:1      | Reached XP level 2. HP: 19/19 MP: 3/5
   765 | D:1      | Learned a level 2 spell: Scorch
  1004 | D:1      | Found a faded altar of an unknown god.
  1127 | D:2      | Found Piwnef's Jewellery Shoppe.
  1145 | D:2      | Found Rerph's Weapon Emporium.
  1185 | D:2      | Reached XP level 3. HP: 24/24 MP: 0/6
  1406 | D:2      | Identified the +1 scale mail "Juwne" {rF+ SInv}
  1485 | D:2      | Found Yskugal's Magic Scroll Boutique.
  1490 | D:2      | Bought a scroll of identify for 28 gold pieces
  1685 | D:2      | Found Agaarouh's Magic Scroll Emporium.
  1688 | D:2      | Bought a scroll of identify for 20 gold pieces
  1688 | D:2      | Bought a scroll of identify for 20 gold pieces
  2096 | D:3      | Found a shimmering altar of Xom.
  2168 | D:3      | Gained mutation: You are partially covered in molten
                  | scales. (AC +2) [demonic ancestry]
  2168 | D:3      | Reached XP level 4. HP: 30/30 MP: 4/7
  2477 | D:3      | Reached skill level 2 in Conjurations
  2661 | D:3      | Found a runed translucent door.
  2662 | D:3      | Noticed Crazy Yiuf
  2886 | D:4      | Noticed a necrophage
  2890 | D:4      | Killed a necrophage
  2891 | D:4      | Reached XP level 5. HP: 35/35 MP: 1/9
  2951 | D:4      | Noticed a black bear
  3058 | D:4      | Learned a level 3 spell: Conjure Flame
  3079 | D:4      | Noticed Edmund
  3306 | D:4      | Killed a black bear
  3307 | D:4      | Reached XP level 6. HP: 41/41 MP: 3/10
  3383 | D:4      | Killed Edmund
  3384 | D:4      | Reached skill level 3 in Conjurations
  3556 | D:4      | Noticed Natasha
  3559 | D:4      | Killed Natasha
  4127 | D:5      | Entered Level 5 of the Dungeon
  4172 | D:5      | Gained mutation: Your touch may inflict minor irresistible
                  | damage on your foes. [demonic ancestry]
  4172 | D:5      | Reached XP level 7. HP: 46/46 MP: 6/12
  4448 | D:5      | Found an ornate altar of the Wu Jian Council.
  5097 | D:5      | Found a snail-covered altar of Cheibriados.
  5379 | D:6      | Reached skill level 4 in Conjurations
  5385 | D:6      | Reached XP level 8. HP: 41/52 MP: 3/14
  5428 | D:6      | Reached skill level 5 in Fire Magic
  5732 | D:6      | Reached skill level 5 in Conjurations
  5741 | D:6      | Reached skill level 5 in Spellcasting
  6502 | D:6      | Found a staircase to the Ecumenical Temple.
  6514 | Temple   | Entered the Ecumenical Temple
  6627 | Temple   | Became a worshipper of Vehumet
  7124 | D:6      | Reached skill level 6 in Conjurations
  7124 | D:6      | Gained mutation: When hurt, damage is shared between your
                  | health and your magic reserves. [demonic ancestry]
  7124 | D:6      | Reached XP level 9. HP: 41/57 MP: 10/17
  7299 | D:7      | Found an ancient bone altar of Kikubaaqudgha.
  7299 | D:7      | Found a shadowy altar of Dithmenos.
  7330 | D:7      | Learned a level 4 spell: Flame Wave
  7491 | D:7      | Found Vosoqit's Gadget Gallery.
  8418 | D:7      | Found a basalt altar of Yredelemnul.
  8427 | D:7      | Reached skill level 7 in Conjurations
  8613 | D:8      | Reached * piety under Vehumet
  8613 | D:8      | Offered knowledge of Magic Dart by Vehumet.
  9619 | D:9      | Noticed a komodo dragon
  9636 | D:9      | Killed a komodo dragon
  9637 | D:9      | Gained mutation: You are mostly covered in molten scales.
                  | (AC +3) [demonic ancestry]
  9637 | D:9      | Reached XP level 10. HP: 63/63 MP: 9/21
  9790 | D:9      | Found a staircase to the Lair.
  9890 | D:9      | Noticed Erolcha
 10263 | D:9      | Offered knowledge of Searing Ray by Vehumet.
 10265 | D:9      | Reached ** piety under Vehumet
 10350 | D:9      | Reached skill level 8 in Conjurations
 10655 | D:10     | Entered Level 10 of the Dungeon
 11101 | D:10     | Reached skill level 9 in Conjurations
 11780 | D:10     | Gained mutation: You are partially covered in sharp spines.
                  | [demonic ancestry]
 11780 | D:10     | Reached XP level 11. HP: 58/68 MP: 2/23
 12208 | Lair:1   | Entered Level 1 of the Lair of Beasts
 12218 | Lair:1   | Offered knowledge of Frozen Ramparts by Vehumet.
 12312 | Lair:1   | Reached skill level 10 in Conjurations
 12455 | Lair:1   | Found a dark tunnel.
 12461 | Volcano  | Entered a volcano
 12568 | Volcano  | Learned a level 5 spell: Freezing Cloud
 12577 | Volcano  | Reached skill level 1 in Ice Magic
 13117 | Volcano  | Found a bloodstained altar of Trog.
 13117 | Volcano  | Noticed a centaur warrior
 13120 | Volcano  | Killed a centaur warrior
 13123 | Volcano  | Reached *** piety under Vehumet
 13151 | Volcano  | Noticed a red draconian
 14129 | Lair:2   | Reached skill level 5 in Ice Magic
 14328 | Lair:2   | Noticed a four-headed hydra
 14338 | Lair:2   | Killed a four-headed hydra
 14344 | Lair:2   | Noticed a boulder beetle
 14430 | Lair:2   | Offered knowledge of Dazzling Flash by Vehumet.
 14431 | Lair:2   | Reached XP level 12. HP: 71/74 MP: 12/25
 14801 | Lair:2   | Learned a level 4 spell: Olgreb's Toxic Radiance
 14907 | Lair:2   | Found a hole to the Spider Nest.
 14931 | Lair:2   | Killed a boulder beetle
 14932 | Lair:2   | Reached skill level 1 in Poison Magic
 15114 | Lair:2   | Reached skill level 10 in Fire Magic
 15177 | Lair:2   | Found a hide-covered altar of Uskayaw.
 15539 | Lair:3   | Noticed Snorg
 15566 | Lair:3   | Noticed Josephine
 15782 | Lair:3   | Reached **** piety under Vehumet
 15862 | Lair:3   | Reached skill level 10 in Spellcasting
 15908 | Lair:3   | Found an ornate altar of the Wu Jian Council.
 15920 | Lair:3   | Offered knowledge of Irradiate by Vehumet.
 16427 | Lair:3   | Killed Josephine
 16428 | Lair:3   | Reached skill level 11 in Conjurations
 16531 | Lair:3   | Noticed a five-headed hydra
 16539 | Lair:3   | Killed a five-headed hydra
 16540 | Lair:3   | Reached skill level 1 in Air Magic
 16619 | Lair:3   | Reached XP level 13. HP: 49/79 MP: 5/27
 16652 | Lair:3   | Killed Snorg
 16955 | Lair:3   | Found a staircase to the Shoals.
 17433 | Lair:4   | Reached ***** piety under Vehumet
 17433 | Lair:4   | Offered knowledge of Iskenderun's Battlesphere by Vehumet.
 17497 | Lair:4   | Identified the +3 leather armour "Yfeng" {Str+2}
 18049 | Lair:4   | Reached skill level 5 in Air Magic
 18456 | Lair:4   | Found a staircase to the Slime Pits.
 18532 | Lair:5   | Entered Level 5 of the Lair of Beasts
 18786 | Lair:5   | Reached skill level 12 in Conjurations
 18811 | Lair:5   | Learned a level 5 spell: Iskenderun's Battlesphere
 19019 | Lair:5   | Offered knowledge of Airstrike by Vehumet.
 19228 | Lair:5   | Noticed Sonja
 19231 | Lair:5   | Killed Sonja
 19677 | Lair:5   | Reached skill level 10 in Ice Magic
 19677 | Lair:5   | Gained mutation: Your touch may inflict irresistible damage
                  | on your foes. [demonic ancestry]
 19677 | Lair:5   | Reached XP level 14. HP: 85/85 MP: 22/28
 20375 | D:11     | Found Fonuimm's General Store.
 20383 | D:11     | Bought a potion of curing for 39 gold pieces
 20420 | D:11     | Found Ohugi's Magic Scroll Shop.
 20586 | D:11     | Found a staircase to the Orcish Mines.
 20824 | D:11     | Bought a scroll of blinking for 105 gold pieces
 20824 | D:11     | Bought a scroll of teleportation for 42 gold pieces
 21696 | D:13     | Noticed Nessos
 21827 | D:13     | HP: 2/85 [Nessos/arrow (9)]
 21827 | D:13     | Shot with an arrow by Nessos

Illustrated notes

Levels and vault maps discovered:
D:1:      evilmike_arrival_plus, layout_basic, serial_glass, glass_columns_a,
          glass_columns_a, glass_columns_b, glass_columns_a, glass_columns_a,
          glass_columns_b, hellmonk_ecumenical_altar_inner_sanctum, minivault_25
D:2:      layout_basic, serial_shops, shop, nicolae_shop_behind_doors, shop,
          nicolae_shop_window_shopping
D:3:      layout_basic, overflow_temple_1_default, kennysheep_generic_room_14,
          uniq_crazy_yiuf_cottage
D:4:      layout_basic, good_gods_mini_temple, grunt_ministairs_14, uniq_edmund,
          uniq_natasha
D:5:      layout_basic, mainiacjoe_overflow_catwalk,
          nicolae_wu_jian_immortal_techniques, kennysheep_decorative_pillar
D:6:      layout_basic, temple_hall, corexii_leaking_fountain,
          minmay_manual_maat
D:7:      layout_basic, mainiacjoe_overflow_chevrons, jmf_multi_god_temple,
          nicolae_shop_gadgets
D:8:      layout_gridville
D:9:      layout_basic, david_lair_shrubbed, chequers_serial_rivers_micro_a,
          uniq_erolcha
D:10:     layout_loops_corners
D:11:     layout_gridville, minmay_orc_entry_guard_dogs, serial_shops,
          nicolae_stop_n_shop_2, nicolae_shop_waterfront
D:12:     layout_gridville
D:13:     layout_irregular_city, serial_shops, nicolae_shop_behind_doors,
          nicolae_diode_stairs, uniq_nessos, uniq_jorgrun
Temple:   cyrus_circular_temple
Lair:1:   hellmonk_destroyed_diamonds, layout_small_grid, enter_volcano_2,
          chequers_serial_rivers_small_3, chequers_serial_rivers_small_a,
          grunt_forest_large_clearing_hut
Lair:2:   layout_gridlike, spider_nest_entry_a, basic_altar, grunt_megastairs_4
Lair:3:   wad_woods_stonehenge, layout_chaotic_city, elwin_shoals_entry_stream,
          serial_bayou_shore_a, uniq_josephine, uniq_snorg
Lair:4:   layout_gridlike, dpeg_slime_entry_corner, minivault_11
Lair:5:   minmay_lair_end_enchanted_forest, layout_gridlike,
          serial_bayou_ford_a, minmay_shattered_shrine, uniq_sonja

Skill      XL: |  1  2  3  4  5  6  7  8  9 10 11 12 13 14 |
---------------+-------------------------------------------+-----
Stealth        | 2 3 4 |  4.0
Dodging        | 2 3 4 |  4.0
Fire Magic     | 3 4 6 7 9 10 | 10.5
Conjurations   | 2 3 4 6 7 9 10 11 12 | 12.7
Spellcasting   | 3 4 5 7 8 9 10 | 10.4
Ice Magic      | 7 8 10 | 10.2
Poison Magic   | 3 |  3.0
Air Magic      | 2 7 8 |  8.3

Action                   |  1- 3 |  4- 6 |  7- 9 | 10-12 | 13-15 || total
-------------------------+-------+-------+-------+-------+-------++-------
Melee: Unarmed           |     7 |       |       |       |       ||     7
       Spear             |       |    77 |   150 |    72 |       ||   299
       Touch             |       |       |    25 |    11 |     3 ||    39
       Staff             |       |       |       |    13 |    25 ||    38
 Cast: Foxfire           |    68 |    25 |    62 |    10 |    27 ||   192
       Scorch            |     2 |    16 |    91 |   141 |    86 ||   336
       Conjure Flame     |       |     3 |     3 |     2 |     1 ||     9
       Flame Wave        |       |       |     6 |    41 |     9 ||    56
       Freezing Cloud    |       |       |       |    31 |    64 ||    95
       Olgreb's Toxic Ra |       |       |       |    15 |    19 ||    34
       Iskenderun's Batt |       |       |       |       |     6 ||     6
Evoke: Wand              |       |       |       |     1 |     5 ||     6
  Use: Scroll            |     6 |     7 |     6 |     9 |     6 ||    34
       Potion            |       |       |     1 |     1 |     2 ||     4
 Stab: Sleeping          |       |     6 |     8 |       |       ||    14
Armor: Robe              |     7 |    16 |    41 |       |       ||    64
       Steam dragon scal |       |       |    21 |   109 |       ||   130
       Troll leather arm |       |       |       |       |    42 ||    42
Dodge: Dodged            |    30 |    50 |   138 |   161 |    63 ||   442
